 Dungeon Crawl Stone Soup version 0.23-b1-3-gdda8187c6f (webtiles) character file.

Game seed: 8776070767948000359

3196 RUZZLEFAZAZZLE the Blocker (level 9, -8/66 HPs)
             Began as a Gnoll Fighter on Feb 1, 2019.
             Was a Believer of Okawaru.
             Mangled by an orc warrior
             ... wielding a +0 hand axe
              (9 damage)
             ... in a bailey.
             The game lasted 00:20:28 (5857 turns).

RUZZLEFAZAZZLE the Blocker (Gnoll Fighter)          Turns: 5857, Time: 00:20:29

Health: -8/66      AC: 14    Str: 22    XL:     9   Next: 96%
Magic:  15/16      EV: 12    Int: 11    God:    Okawaru [**....]
Gold:   324        SH: 13    Dex: 24    Spells: 17/17 levels left

rFire    . . .     SeeInvis .   B - +9 mace "Xuitwaud" {freeze, Int+2 Dex+8}
rCold    . . .     Gourm    .   c - +1 shield
rNeg     + . .     Faith    .   h - +1 scale mail {MR+}
rPois    +         Spirit   .   u - +0 helmet
rElec    .         Reflect  .   z - +0 cloak
rCorr    .         Harm     .   x - +0 pair of gloves
MR       +....                  j - +0 pair of boots
Stlth    ++........             (no amulet)
HPRegen  0.21/turn              n - ring of positive energy
MPRegen  0.15/turn              i - ring of poison resistance

@: no status effects
A: distributed training, fangs 1, agile 1, dopey 1, frail 1, strong nose
a: Heroism, Renounce Religion


You were in a bailey.
You worshipped Okawaru.
Okawaru was pleased with you.
You were not hungry.

You visited 2 branches of the dungeon, and saw 8 of its levels.
You also visited: Ossuary and Bailey.

You collected 324 gold pieces.

Inventory:

Hand Weapons
 d - a +2 short sword of speed
 v - a +5 dire flail of protection
 y - a +3 quarterstaff of chaos
 A - a +0 mace of holy wrath
 B - the +9 mace "Xuitwaud" (weapon) {freeze, Int+2 Dex+8}
   (You found it on level 6 of the Dungeon)

   It has been specially enchanted to freeze those struck by it, causing extra
   injury to most foes and up to half again as much damage against particularly
   susceptible opponents.
   It can also slow down cold-blooded creatures.
   It affects your intelligence (+2).
   It affects your dexterity (+8).
 C - the +1 mace of the Secret Demons {crush, rF+ Int-5 Stlth+}
   (You found it on level 6 of the Dungeon)

   It inflicts extra damage upon your enemies.
   It affects your intelligence (-5).
   It protects you from fire.
   It makes you more stealthy.
Armour
 c - a +1 shield (worn)
 h - a +1 scale mail of magic resistance (worn)
 j - a +0 pair of boots (worn)
 u - a +0 helmet (worn)
 x - a +0 pair of gloves (worn)
 z - a +0 cloak (worn)
Magical Staves
 l - an uncursed staff of death
Jewellery
 i - a ring of poison resistance (right hand)
 k - an uncursed ring of fire
 n - a ring of positive energy (left hand)
 p - a cursed ring of teleportation {unknown}
Wands
 e - a wand of random effects (31)
 q - a wand of paralysis (5)
 t - a wand of disintegration (4)
Scrolls
 g - 4 scrolls of fear
 o - a scroll of identify
 s - a scroll of immolation
Potions
 b - 7 potions of curing
 m - 2 potions of cancellation
 r - a potion of might
 G - a potion of lignification
Comestibles
 f - 11 rations


   Skills:
 + Level 8.1 Fighting
 + Level 4.6 Short Blades
 + Level 6.6 Long Blades
 + Level 4.6 Axes
 + Level 4.6 Maces & Flails
 + Level 4.6 Polearms
 + Level 4.6 Staves
 + Level 4.6 Slings
 + Level 4.6 Bows
 + Level 4.6 Crossbows
 + Level 4.6 Throwing
 + Level 8.1 Armour
 + Level 4.6 Dodging
 + Level 4.6 Stealth
 + Level 8.1 Shields
 + Level 4.6 Unarmed Combat
 + Level 4.6 Spellcasting
 + Level 3.8 Conjurations
 + Level 3.8 Hexes
 + Level 3.8 Charms
 + Level 3.8 Summonings
 + Level 3.8 Necromancy
 + Level 3.8 Translocations
 + Level 3.8 Transmutations
 + Level 3.8 Fire Magic
 + Level 3.8 Ice Magic
 + Level 3.8 Air Magic
 + Level 3.8 Earth Magic
 + Level 3.8 Poison Magic
 + Level 5.1 Invocations
 + Level 4.6 Evocations


You had 17 spell levels left.
You didn't know any spells.
Your spell library was empty.

Dungeon Overview and Level Annotations

Branches:
Dungeon (7/15)             Temple (1/1) D:6

Altars:
Ashenzari
Cheibriados
Dithmenos
Elyvilon
Fedhas
Gozag
Hepliaklqana
Kikubaaqudgha
Nemelex Xobeh
Okawaru
Qazlal
Ru
Sif Muna
Trog
Uskayaw
Vehumet
Wu Jian
Xom
Yredelemnul
Zin
The Shining One

Shops:
D:6 [

Annotations:
D:7 Dowan


Innate Abilities, Weirdness & Mutations

Your experience applies equally to all skills.
You have very sharp teeth.
Your uncanny sense of smell can sniff out nearby items.
You are agile. (Dex +2)
You are dopey. (Int -2)
You are frail. (-10% HP)


Message History

You block the orc warrior's attack.
The orc warrior hits you with a +0 war axe.
The goblin hits you with a +0 hand axe.
You sock the goblin! You freeze the goblin.
You kill the goblin!
Okawaru accepts your kill. The orc warrior misses you.
You block the orc warrior's attack.
You hit the orc warrior but do no damage.
The orc warrior hits you but does no damage.
The orc warrior hits you with a +0 war axe!!
You block the orc warrior's attack. x2
You hit the orc warrior. You freeze the orc warrior.
Your bite misses the orc warrior.
The orc warrior is lightly wounded.
The orc warrior hits you with a +0 war axe.
* * * LOW HITPOINT WARNING * * *
The orc warrior hits you with a +0 war axe!
* * * LOW HITPOINT WARNING * * *
The orc warrior hits you with a +0 hand axe!
You die...

+.....'..# ≈≈≈≈≈≈
#..⌠..#..####+#≈≈≈≈≈≈
#.....#.....#.≈≈≈≈≈≈≈
#.....#...8.#.≈≈≈≈≈≈≈
#######.....#.≈≈≈≈≈≈≈
########.8.#.≈≈≈≈≈≈≈
.......)...#.;≈≈≈≈≈≈
.......).8.#.≈≈≈≈≈≈≈
.._.....o@o'.≈≈≈≈≈≈≈
........#o##.≈≈≈≈≈≈≈
#########go#.≈≈≈≈≈≈≈
+..%∆#..#.≈≈≈≈≈≈≈
#..%∆#..#.≈≈≈≈≈≈≈
#### #..#.≈≈≈≈≈≈≈
'..#.≈≈≈≈≈≈≈
####+#≈≈≈≈≈≈ ∆∆
≈≈≈≈≈≈


You could see 3 orc warriors, a gnoll and an orc.

Vanquished Creatures
  An orc knight (Bailey)
  2 kobold demonologists (Bailey)
  Prince Ribbit (D:6)
  A hippogriff (D:5)
  Edmund (D:6)
  A sky beast (D:5)
  3 ogres
  3 bullfrogs (D:6)
  A gnoll sergeant (D:1)
  4 water moccasin zombies (Ossuary)
  2 scorpions
  A crimson imp (D:5)
  A bullfrog zombie (D:5)
  2 hounds
  Crazy Yiuf (D:6)
  A bullfrog skeleton (D:6)
  An orc wizard (D:3)
  Terence (D:2)
  Ijyb (D:3)
  3 iguanas
  3 worker ants
  3 big kobold zombies (Ossuary)
  A hound zombie (D:5)
  2 hound skeletons
  2 mummies (Ossuary)
  5 gnolls
  7 adders
  2 shadow imps
  4 oozes
  An adder skeleton (D:6)
  2 adder zombies (Ossuary)
  2 worms
  A dart slug (D:1)
  6 leopard geckos
  9 orcs
  5 giant cockroaches (D:3)
  15 goblins
  15 hobgoblins
  9 jackals
  3 quokkas (D:3)
  3 ball pythons
  11 bats
  7 frilled lizards
  2 gnoll zombies (Ossuary)
  4 hobgoblin zombies (Ossuary)
  8 kobolds
  8 kobold zombies (Ossuary)
  4 orc zombies (Ossuary)
  2 quokka skeletons
  11 rats
189 creatures vanquished.

Notes
Turn   | Place    | Note
-------+----------+-------------------------------------------
     0 | D:1      | RUZZLEFAZAZZLE the Gnoll Fighter began the quest for the
                  | Orb.
     0 | D:1      | Reached XP level 1. HP: 23/23 MP: 1/1
    52 | D:1      | Reached XP level 2. HP: 28/29 MP: 2/2
   243 | D:1      | Reached XP level 3. HP: 33/35 MP: 3/3
   374 | D:1      | Reached skill level 1 in Invocations
   748 | D:2      | Gained mutation: You have sharp toenails. [potion of
                  | mutation]
   748 | D:2      | Gained mutation: You are dopey. (Int -2) [potion of
                  | mutation]
   748 | D:2      | Gained mutation: You have a pair of small antennae on your
                  | head. [potion of mutation]
   814 | D:2      | Reached skill level 1 in Short Blades
   814 | D:2      | Reached skill level 1 in Axes
   814 | D:2      | Reached skill level 1 in Maces & Flails
   814 | D:2      | Reached skill level 1 in Polearms
   814 | D:2      | Reached skill level 1 in Staves
   814 | D:2      | Reached skill level 1 in Slings
   814 | D:2      | Reached skill level 1 in Bows
   814 | D:2      | Reached skill level 1 in Crossbows
   814 | D:2      | Reached skill level 1 in Throwing
   814 | D:2      | Reached skill level 1 in Dodging
   814 | D:2      | Reached skill level 1 in Stealth
   814 | D:2      | Reached skill level 1 in Unarmed Combat
   814 | D:2      | Reached skill level 1 in Spellcasting
   814 | D:2      | Reached skill level 1 in Evocations
   844 | D:2      | Noticed Terence
   847 | D:2      | Reached XP level 4. HP: 29/41 MP: 5/5
   853 | D:2      | Killed Terence
  1012 | D:2      | Reached skill level 1 in Conjurations
  1012 | D:2      | Reached skill level 1 in Hexes
  1012 | D:2      | Reached skill level 1 in Charms
  1012 | D:2      | Reached skill level 1 in Summonings
  1012 | D:2      | Reached skill level 1 in Necromancy
  1012 | D:2      | Reached skill level 1 in Translocations
  1012 | D:2      | Reached skill level 1 in Transmutations
  1012 | D:2      | Reached skill level 1 in Fire Magic
  1012 | D:2      | Reached skill level 1 in Ice Magic
  1012 | D:2      | Reached skill level 1 in Air Magic
  1012 | D:2      | Reached skill level 1 in Earth Magic
  1012 | D:2      | Reached skill level 1 in Poison Magic
  1067 | D:2      | Noticed a gnoll sergeant
  1124 | D:1      | Killed a gnoll sergeant
  1124 | D:1      | Reached XP level 5. HP: 36/47 MP: 5/7
  1741 | D:3      | Reached XP level 6. HP: 53/53 MP: 8/8
  1860 | D:3      | Noticed Ijyb
  1871 | D:3      | Paralysed by Ijyb for 5 turns
  1888 | D:3      | Killed Ijyb
  1979 | D:3      | Reached skill level 5 in Long Blades
  2761 | D:4      | Reached XP level 7. HP: 59/59 MP: 10/10
  2860 | D:4      | Found a bloodstained altar of Trog.
  2980 | D:4      | Lost mutation: You are dopey. (Int -2) [potion of mutation]
  2980 | D:4      | Lost mutation: You have a pair of small antennae on your
                  | head. [potion of mutation]
  2980 | D:4      | Lost mutation: You have sharp toenails. [potion of
                  | mutation]
  2980 | D:4      | Gained mutation: You are frail. (-10% HP) [potion of
                  | mutation]
  2980 | D:4      | Gained mutation: You are dopey. (Int -2) [potion of
                  | mutation]
  2980 | D:4      | Gained mutation: You are agile. (Dex +2) [potion of
                  | mutation]
  3298 | D:5      | Entered Level 5 of the Dungeon
  3608 | D:5      | Noticed a hippogriff
  3649 | D:5      | Killed a hippogriff
  3649 | D:5      | Reached XP level 8. HP: 30/60 MP: 12/12
  3939 | D:6      | Noticed Prince Ribbit
  3947 | D:6      | Killed Prince Ribbit
  3990 | D:6      | Noticed Edmund
  4051 | D:6      | Killed Edmund
  4101 | D:6      | Found Roxzyohe's Armour Shop.
  4230 | D:6      | Reached XP level 9. HP: 38/64 MP: 14/14
  4306 | D:6      | Found a runed translucent door.
  4307 | D:6      | Noticed Crazy Yiuf
  4313 | D:6      | Killed Crazy Yiuf
  4328 | D:6      | Got an ichor-stained mace
  4331 | D:6      | Got a dazzling mace
  4333 | D:6      | Identified the +9 mace "Xuitwaud" {freeze, Int+2 Dex+8}
                  | (You found it on level 6 of the Dungeon)
  4334 | D:6      | Identified the cursed +1 mace of the Secret Demons {crush,
                  | rF+ Int-5 Stlth+} (You found it on level 6 of the Dungeon)
  4465 | D:6      | Found a sand-covered staircase.
  4482 | Ossuary  | Entered an ossuary
  4847 | D:6      | Found a staircase to the Ecumenical Temple.
  4890 | Temple   | Entered the Ecumenical Temple
  5006 | Temple   | Became a worshipper of Warmaster Okawaru
  5133 | D:7      | Found a flagged portal.
  5164 | D:7      | Noticed Dowan
  5169 | Bailey   | Entered a bailey
  5193 | Bailey   | Noticed an orc knight
  5212 | Bailey   | Killed an orc knight
  5212 | Bailey   | Reached * piety under Okawaru
  5239 | Bailey   | Found an iron altar of Okawaru.
  5239 | Bailey   | Noticed a kobold demonologist
  5239 | Bailey   | Noticed a kobold demonologist
  5241 | Bailey   | Noticed a red devil
  5249 | Bailey   | Killed a kobold demonologist
  5257 | Bailey   | Killed a kobold demonologist
  5257 | Bailey   | Reached ** piety under Okawaru
  5257 | Bailey   | Reached skill level 5 in Invocations
  5857 | Bailey   | HP: 1/66 [orc warrior/+0 war axe (14)]
  5857 | Bailey   | Mangled by an orc warrior

Skill      XL: |  1  2  3  4  5  6  7  8  9 |
---------------+----------------------------+-----
Invocations    | 1 2 3 4 5 |  5.1
Short Blades   | 1 2 3 4 |  4.6
Axes           | 1 2 3 4 |  4.6
Maces & Flails | 1 2 3 4 |  4.6
Polearms       | 1 2 3 4 |  4.6
Staves         | 1 2 3 4 |  4.6
Slings         | 1 2 3 4 |  4.6
Bows           | 1 2 3 4 |  4.6
Crossbows      | 1 2 3 4 |  4.6
Throwing       | 1 2 3 4 |  4.6
Dodging        | 1 2 3 4 |  4.6
Stealth        | 1 2 3 4 |  4.6
Unarmed Combat | 1 2 3 4 |  4.6
Spellcasting   | 1 2 3 4 |  4.6
Evocations     | 1 2 3 4 |  4.6
Conjurations   | 1 2 3 |  3.8
Hexes          | 1 2 3 |  3.8
Charms         | 1 2 3 |  3.8
Summonings     | 1 2 3 |  3.8
Necromancy     | 1 2 3 |  3.8
Translocations | 1 2 3 |  3.8
Transmutations | 1 2 3 |  3.8
Fire Magic     | 1 2 3 |  3.8
Ice Magic      | 1 2 3 |  3.8
Air Magic      | 1 2 3 |  3.8
Earth Magic    | 1 2 3 |  3.8
Poison Magic   | 1 2 3 |  3.8
Long Blades    | 5 6 |  6.6
Fighting       | 7 8 |  8.1
Armour         | 7 8 |  8.1
Shields        | 7 8 |  8.1

Action                   |  1- 3 |  4- 6 |  7- 9 || total
-------------------------+-------+-------+-------++-------
Melee: Long sword        |    82 |     8 |       ||    90
       Bite              |     5 |    24 |    63 ||    92
       Kick              |     3 |     4 |       ||     7
       Short sword       |       |   241 |   319 ||   560
       Mace              |       |       |   127 ||   127
Invok: Heroism           |       |       |     1 ||     1
Evoke: Wand              |       |       |     4 ||     4
  Use: Scroll            |     5 |     3 |     9 ||    17
       Potion            |     2 |     3 |    10 ||    15
  Eat: Chunk             |       |     5 |     4 ||     9
       Ration            |       |     1 |     2 ||     3
Armor: Scale mail        |    43 |    61 |   116 ||   220
Dodge: Dodged            |    28 |    51 |   110 ||   189
Block: Shield            |    41 |   115 |   261 ||   417
       Rpst.: Long sword |     9 |       |       ||     9
